 Dungeon Crawl Stone Soup version 0.29-a0-802-g34511f41fd (webtiles) character file.

Game seed: 1110927534990215305

33636 Sabo the Cleaver (level 13, -2/84 HPs)
             Began as a Gargoyle Fighter on July 3, 2022.
             Was an Initiate of Ignis.
             Slain by a guardian serpent (11 damage)
             ... on level 2 of the Snake Pit.
             The game lasted 01:22:57 (13675 turns).

Sabo the Cleaver (Gargoyle Fighter)                Turns: 13675, Time: 01:22:58

Health: -2/84      AC: 35    Str: 29    XL:     13   Next: 72%
Magic:  0/13       EV:  7    Int: 10    God:    Ignis [......]
Gold:   748        SH: 18    Dex: 13    Spells: 12/12 levels left

rFire   + . .      SeeInvis .   a - +2 war axe (chaos)
rCold   + . .      Faith    .   C - +2 tower shield {reflect}
rNeg    + + .      Spirit   +   l - +3 chain mail of the Evil One {rC+ rN+ Str+3}
rPois   ∞          Reflect  +   e - +0 helmet
rElec   +          Harm     .   m - +0 cloak
rCorr   .          Rampage  .   (no gloves)
Will    .....      Rage     3%  r - +2 pair of boots
Stlth   ..........              u - amulet of guardian spirit
HPRegen 1.04/turn               v - +6 ring of strength
MPRegen 0.13/turn               g - +4 ring of protection

@: on berserk cooldown, slowed, very slow
A: sickness immunity, AC +9, negative energy resistance 1, electricity
resistance, torment resistance 1, petrification resistance, talons 1, berserk 1,
regeneration 1
a: Renounce Religion, Rising Flame


You were on level 2 of the Snake Pit.
You worshipped Ignis.
Ignis was noncommittal.
You visited 3 branches of the dungeon, and saw 13 of its levels.

You collected 748 gold pieces.

Inventory:

Hand Weapons
 a - a +2 war axe of chaos (weapon)
 c - a +3 longbow
 o - a +0 battleaxe
 s - a +2 lajatang
 y - a +0 war axe
 B - a +4 falchion
 D - a +2 short sword of flaming
 G - a +0 shortbow of flaming
Armour
 e - a +0 helmet (worn)
 l - the +3 chain mail of the Evil One (worn) {rC+ rN+ Str+3}
   (You found it on level 7 of the Dungeon)

   Str:       It affects your strength (+3).
   rC:        It protects you from cold.
   rN:        It protects you from negative energy.
 m - a +0 cloak (worn)
 r - a +2 pair of boots (worn)
 t - a scarf of shadows
 A - the +3 scale mail of Hez Kisu {rPois rC++ SInv}
   (You found it on level 2 of the Lair of Beasts)

   rC:        It greatly protects you from cold.
   rPois:     It protects you from poison.
   SInv:      It lets you see invisible.
 C - a +2 tower shield of reflection (worn)
Jewellery
 g - a +4 ring of protection (right hand)
 u - an amulet of guardian spirit (around neck)
 v - a +6 ring of strength (left hand)
 J - a ring of protection from fire
Wands
 E - a wand of roots (18)
 L - a wand of flame (26)
Scrolls
 b - 3 scrolls of teleportation
 h - a scroll of magic mapping
 q - a scroll of acquirement {unknown}
 x - 2 scrolls of blinking
Potions
 d - 3 potions of might
 f - 3 potions of mutation
 i - 2 potions of magic {unknown}
 j - 3 potions of lignification {unknown}
 k - 2 potions of heal wounds
 n - 3 potions of degeneration {unknown}
 p - 4 potions of haste
 w - 4 potions of curing
 z - 4 potions of attraction {unknown}
 I - a potion of cancellation {unknown}
 K - a potion of flight {unknown}


   Skills:
 + Level 10.8 Fighting
 + Level 14.1 Axes
 + Level 2.3 Throwing
 + Level 11.6 Armour
 + Level 3.3 Dodging
 + Level 4.6 Stealth
 + Level 10.2 Shields


You had 12 spell levels left.
You didn't know any spells.
Your spell library contained the following spells:

 Spells                   Type           Power      Damage    Failure   Level
 Magic Dart               Conj           0%         1d3       100%        1
 Blink                    Tloc           0%         N/A       100%        2
 Call Imp                 Summ           0%         N/A       100%        2
 Wereblood                Tmut           0%         N/A       100%        2
 Conjure Flame            Conj/Fire      0%         6-21      100%        3
 Ignite Poison            Fire/Tmut/Pois 0%         N/A       100%        3
 Lesser Beckoning         Tloc           0%         N/A       100%        3
 Mephitic Cloud           Conj/Pois/Air  0%         N/A       100%        3
 Sticky Flame             Conj/Fire      0%         2d3       100%        4
 Manifold Assault         Tloc           0%         N/A       100%        5
 Summon Hydra             Summ           0%         N/A       100%        7
 Sublimation of Blood     Necr           Unusable   N/A       N/A         2

Dungeon Overview and Level Annotations

Branches:
Dungeon (9/15)             Temple (0/1) D:4            Lair (2/6) D:9
  Snake (2/4) Lair:2
  Swamp: Lair:2-4    Shoals: Lair:2-4       Orc: D:9-12

Altars:
Gozag
Makhleb
Qazlal
Xom
Zin
Ignis

Shops:
Snake:2 [![

Annotations:
Lair:1 exclusion: oklob plant


Innate Abilities, Weirdness & Mutations

You are immune to sickness and miasma.
Your stone body is resilient. (AC +9)
You are immune to poison.
You resist negative energy. (rN+)
You are resistant to electric shocks. (rElec)
You are resistant to unholy torment.
You are immune to petrification.
You have sharp toenails.
You sometimes lose your temper in combat.
Your natural rate of healing is unusually fast.


Message History

The naga constricts you.
You hit the naga. You freeze the naga.
The naga is almost dead.
You block the naga's attack. The naga constricts you.
The naga hits you with a +0 trident. The naga constricts you.
You hit the naga. You freeze the naga.
You kill the naga!
Things that are here:
a +0 trident; a naga corpse
Items here: )))) [ ††.
You start resting.
A guardian serpent is nearby!
The guardian serpent shouts!
You feel yourself speed up.
There is an escape hatch in the ceiling here.
You block the guardian serpent's attack. x2
You block the guardian serpent's attack.
You slash the guardian serpent! You freeze the guardian serpent.
The guardian serpent is lightly wounded.
You block the guardian serpent's attack.
The guardian serpent hits you!
You slice the guardian serpent!!
The guardian serpent seems to grow stronger.
The guardian serpent is heavily wounded.
You block the guardian serpent's attack.
The guardian serpent barely misses you.
You barely miss the guardian serpent.
The guardian serpent is heavily wounded.
The guardian serpent hits you!
You slash the guardian serpent! You freeze the guardian serpent.
The guardian serpent is severely wounded.
The guardian serpent casts a spell at you.
You feel yourself slow down.
You block the guardian serpent's attack.
You hit the guardian serpent but do no damage.
The guardian serpent is severely wounded.
The guardian serpent hits you!!
* * * LOW HITPOINT WARNING * * *
The guardian serpent hits you!
You die...

#...##..#
########...##..#
#......#...##..#
#......#...##..#
##..........##...
#.......#...##...
#.......#...##...
##.......#...#####
#@.<.....#....# #
#S#...^..###.... .
#.#......# .....##
##)#######..
....#. #..)# ..
##.## #... #
...∩.. # #
#.#.(.#. #


You could see a guardian serpent (strong).

Vanquished Creatures
  2 dire elephants (Snake:1)
  4 naga warriors
  3 anacondas
  A two-headed ogre (D:9)
  A deep elf knight (Snake:1)
  A naga sharpshooter (Snake:2)
  A salamander mystic (Snake:2)
  2 naga ritualists (Snake:2)
  A deep elf archer (Snake:1)
  Pikel (D:7)
  6 mana vipers (Snake:2)
  4 salamanders (Snake:2)
  13 black mambas
  7 naga magi
  2 guardian serpents
  7 cane toads
  A komodo dragon (Lair:2)
  A hornet (shapeshifter) (D:6)
  A troll (shapeshifter) (Lair:1)
  A raiju (Snake:1)
  A troll (D:9)
  4 blink frogs (Lair:2)
  A wraith (D:9)
  4 wyverns
  10 yaks
  2 basilisks
  A steam dragon (D:7)
  16 nagas
  An acid dragon (D:6)
  6 water moccasins
  2 hell hounds (Lair:1)
  3 black bears (D:9)
  2 orc warriors
  A sky beast (D:8)
  A boggart (D:6)
  4 ogres
  2 centaurs (D:7)
  3 phantoms
  4 lemures (D:7)
  7 bullfrogs
  3 scorpions
  A necrophage (D:5)
  6 wights (D:7)
  6 killer bees (D:8)
  2 howler monkeys
  A hound (D:5)
  3 jellies
  6 orc priests
  Terence (D:3)
  An iguana (D:5)
  6 orc wizards
  7 adders
  2 white imps (D:6)
  A worm (D:3)
  A dart slug (D:2)
  29 orcs
  4 bats
  4 endoplasms
  A giant cockroach (D:4)
  7 hobgoblins
  2 jackals (D:1)
  4 kobolds
  5 quokkas
  5 ball pythons
  A frilled lizard (D:3)
  3 goblins
  3 rats
  3 bushes (Lair:1)
253 creatures vanquished.

Vanquished Creatures (collateral kills)
  A naga warrior (Snake:1)
  A naga mage (Snake:1)
2 creatures vanquished.

Vanquished Creatures (others)
  An orc zombie (D:8)
  70 foxfires
  13 fungi
  22 plants
106 creatures vanquished.

Grand Total: 361 creatures vanquished

Notes
Turn   | Place    | Note
-------+----------+-------------------------------------------
     0 | D:1      | Sabo the Gargoyle Fighter began the quest for the Orb.
     0 | D:1      | Reached XP level 1. HP: 14/14 MP: 1/1
     3 | D:1      | Noticed a large abomination
     3 | D:1      | Noticed a large abomination
     5 | D:1      | Noticed a large abomination
     6 | D:1      | Noticed a large abomination
     8 | D:1      | Noticed an iron dragon
    10 | D:1      | Noticed a shadow dragon
    18 | D:1      | Noticed an ice dragon
    18 | D:1      | Noticed a large abomination
    19 | D:1      | Noticed an iron dragon
    21 | D:1      | Noticed a shadow dragon
    21 | D:1      | Noticed a green draconian
    23 | D:1      | Noticed an iron dragon
    25 | D:1      | Noticed a shadow dragon
    29 | D:1      | Noticed a tentacled monstrosity
   214 | D:1      | Found a faded altar of an unknown god.
   230 | D:1      | Reached XP level 2. HP: 17/19 MP: 2/2
   264 | D:1      | Prayed at the altar of an unknown god.
   264 | D:1      | Became a worshipper of Ignis, the Dying Flame
   350 | D:1      | Reached skill level 2 in Axes
   859 | D:2      | Reached XP level 3. HP: 14/23 MP: 3/3
  1917 | D:3      | Noticed Terence
  1928 | D:3      | Killed Terence
  1929 | D:3      | Reached XP level 4. HP: 15/29 MP: 4/4
  2408 | D:3      | Found an opulent altar of Gozag.
  2596 | D:4      | Reached skill level 3 in Axes
  2596 | D:4      | Reached XP level 5. HP: 32/33 MP: 5/5
  3401 | D:4      | Found a staircase to the Ecumenical Temple.
  3659 | D:4      | Noticed a phantom
  3672 | D:4      | Killed a phantom
  3673 | D:4      | Reached skill level 5 in Armour
  3673 | D:4      | Reached XP level 6. HP: 34/38 MP: 6/6
  3768 | D:5      | Entered Level 5 of the Dungeon
  3947 | D:5      | Reached skill level 4 in Axes
  4106 | D:5      | Reached XP level 7. HP: 16/43 MP: 2/7
  4572 | D:5      | Reached skill level 5 in Axes
  4701 | D:5      | Upgraded the game from 0.29-a0-789-g7a8fcbc185 to
                  | 0.29-a0-802-g34511f41fd
  4746 | D:5      | Gained mutation: You are frail. (-10% HP) [potion of
                  | mutation]
  4746 | D:5      | Gained mutation: You are agile. (Dex +4, Str/Int -1)
                  | [potion of mutation]
  4746 | D:5      | Gained mutation: Your mind is acute. (Int +4, Str/Dex -1)
                  | [potion of mutation]
  4747 | D:5      | Lost mutation: You are agile. (Dex +4, Str/Int -1) [potion
                  | of mutation]
  4747 | D:5      | Lost mutation: You are frail. (-10% HP) [potion of
                  | mutation]
  4747 | D:5      | Lost mutation: Your mind is acute. (Int +4, Str/Dex -1)
                  | [potion of mutation]
  4747 | D:5      | Gained mutation: Your body sometimes deteriorates upon
                  | taking damage. [potion of mutation]
  4747 | D:5      | Gained mutation: You have hidden genetic defects. [potion
                  | of mutation]
  4747 | D:5      | Gained mutation: You sometimes lose your temper in combat.
                  | [potion of mutation]
  4748 | D:5      | Lost mutation: Your body sometimes deteriorates upon taking
                  | damage. [potion of mutation]
  4748 | D:5      | Lost mutation: You have hidden genetic defects. [potion of
                  | mutation]
  4748 | D:5      | Gained mutation: You have sharp toenails. [potion of
                  | mutation]
  4748 | D:5      | Gained mutation: Your natural rate of healing is unusually
                  | fast. [potion of mutation]
  4790 | D:6      | Reached skill level 1 in Stealth
  4987 | D:6      | Reached XP level 8. HP: 48/48 MP: 8/8
  5018 | D:6      | Reached skill level 6 in Axes
  5246 | D:6      | Identified the +2 leather armour "Uhatiwkinne" {rPois}
  5261 | D:6      | Reached skill level 5 in Fighting
  5433 | D:6      | Reached skill level 1 in Dodging
  5679 | D:6      | Noticed a shapeshifter
  5679 | D:6      | an orc changed into a shapeshifter
  5679 | D:6      | a shapeshifter changed into a warg
  5684 | D:6      | Noticed a hornet
  5684 | D:6      | a warg changed into a hornet
  5693 | D:6      | Killed a hornet
  5694 | D:6      | Reached skill level 7 in Axes
  5700 | D:6      | Reached XP level 9. HP: 50/54 MP: 9/9
  5716 | D:6      | Found a burning altar of Makhleb.
  5721 | D:6      | Found a glowing silver altar of Zin.
  5721 | D:6      | Noticed a green death
  5721 | D:6      | Noticed an angel
  5799 | D:7      | Noticed Pikel
  5813 | D:7      | Killed Pikel
  5814 | D:7      | Reached skill level 8 in Axes
  5814 | D:7      | Reached skill level 5 in Shields
  5876 | D:7      | Identified the +3 chain mail of the Evil One {rC+ rN+
                  | Str+3}
  6274 | D:7      | Reached skill level 9 in Axes
  6289 | D:7      | Reached XP level 10. HP: 60/60 MP: 8/10
  6906 | D:8      | Found a shimmering altar of Xom.
  6908 | D:8      | Found a stormy altar of Qazlal.
  7495 | D:9      | Noticed a two-headed ogre
  7503 | D:9      | Reached skill level 10 in Axes
  7510 | D:9      | Killed a two-headed ogre
  8263 | D:9      | Found a staircase to the Lair.
  8280 | Lair:1   | Entered Level 1 of the Lair of Beasts
  8322 | Lair:1   | Noticed a cane toad
  8330 | Lair:1   | Killed a cane toad
  8331 | Lair:1   | Reached XP level 11. HP: 68/68 MP: 11/11
  8555 | Lair:1   | Reached skill level 11 in Axes
  8592 | Lair:1   | Noticed a fire crab
  8592 | Lair:1   | a shapeshifter changed into a fire crab
  8594 | Lair:1   | a fire crab changed into a troll
  9085 | Lair:1   | Noticed an oklob plant
  9318 | Lair:2   | Found a staircase to the Snake Pit.
  9827 | Lair:2   | Identified the +3 scale mail of Hez Kisu {rPois rC++ SInv}
 10275 | Lair:2   | Reached skill level 12 in Axes
 10606 | Snake:1  | Entered Level 1 of the Snake Pit
 10606 | Snake:1  | Noticed a naga warrior
 10608 | Snake:1  | Noticed an anaconda
 10619 | Snake:1  | Reached XP level 12. HP: 27/76 MP: 3/12
 10620 | Snake:1  | Killed an anaconda
 10625 | Snake:1  | Killed a naga warrior
 10626 | Snake:1  | Reached skill level 10 in Armour
 10993 | Snake:1  | Noticed an anaconda
 11012 | Snake:1  | Killed an anaconda
 11090 | Snake:1  | Noticed a dire elephant
 11090 | Snake:1  | Noticed a dire elephant
 11116 | Snake:1  | Killed a dire elephant
 11137 | Snake:1  | Killed a dire elephant
 11149 | Snake:1  | Noticed a deep elf knight
 11167 | Snake:1  | Killed a deep elf knight
 11442 | Snake:1  | Noticed a naga warrior
 11463 | Snake:1  | Killed a naga warrior
 11680 | Snake:1  | Reached skill level 13 in Axes
 11805 | Snake:1  | Reached skill level 10 in Fighting
 12064 | Snake:2  | Reached skill level 1 in Throwing
 12243 | Snake:2  | Noticed a naga warrior
 12260 | Snake:2  | Killed a naga warrior
 12412 | Snake:2  | Reached XP level 13. HP: 82/82 MP: 13/13
 13426 | Snake:2  | Reached skill level 14 in Axes
 13445 | Snake:2  | Reached skill level 10 in Shields
 13615 | Snake:2  | Found Isashat's Armour Boutique.
 13619 | Snake:2  | Found Xiabluc's Distillery.
 13654 | Snake:2  | Found Yce Qis's Armour Boutique.
 13675 | Snake:2  | Slain by a guardian serpent

Illustrated notes

Levels and vault maps discovered:
D:1:      shiori_arrival_whats_in_store_for_you, layout_rooms,
          basic_ecumenical_altar
D:2:      layout_basic
D:3:      layout_basic, lemuel_doored_altar, minivault_14,
          grunt_decor_arrowhead, uniq_terence
D:4:      layout_basic, minmay_temple_entry_junction, serial_bayou_crossing
D:5:      layout_loops_ring
D:6:      layout_loops_cross, grunt_temple_overflow_order_and_chaos_2,
          kennysheep_generic_room_6
D:7:      layout_basic, minmay_diced_spiral, uniq_pikel
D:8:      layout_gridville, nicolae_overflow_hidden_temple,
          hangedman_abyss_or_decor_clamps
D:9:      layout_loops_cross, grunt_lair_entry_orc_guard_hut
Lair:1:   layout_cave_shapes, enter_volcano_3, serial_forest,
          infiniplex_forest_end_1, infiniplex_forest_end_3,
          infiniplex_forest_lined_4_way, infiniplex_forest_diagonal,
          infiniplex_forest_lined_1, infiniplex_forest_side_room,
          infiniplex_forest_corner_1, minmay_lair_oklob_items
Lair:2:   layout_layer_cave, minmay_snake_entry_guardpost_medium,
          small_statue_intersection, st_stairs_5, chequers_serial_rivers_small_b
Snake:1:  layout_onion, beargit_elvish_explorers
Snake:2:  layout_rooms, st_stairs_7, nicolae_snake_gridmaze_swirls,
          nicolae_elevator_lobby_plus, minmay_shop_star

Skill      XL: |  1  2  3  4  5  6  7  8  9 10 11 12 13 |
---------------+----------------------------------------+-----
Axes           | 2 3 4 5 7 9 10 12 13 14 | 14.1
Armour         | 4 5 6 7 8 9 11 | 11.6
Fighting       | 4 5 6 7 9 10 | 10.8
Shields        | 4 5 6 7 8 10 | 10.2
Stealth        | 1 3 4 |  4.6
Dodging        | 1 2 3 |  3.3
Throwing       | 2 |  2.3

Action                   |  1- 3 |  4- 6 |  7- 9 | 10-12 | 13-15 || total
-------------------------+-------+-------+-------+-------+-------++-------
Melee: War axe           |   106 |   133 |   171 |   461 |   139 ||  1010
Throw: Javelin           |       |       |       |    21 |     7 ||    28
       Throwing net      |       |       |       |     1 |       ||     1
Invok: Fiery Armour      |       |       |       |     6 |     1 ||     7
       Foxfire Swarm     |       |       |       |     3 |     1 ||     4
  Use: Scroll            |     2 |     9 |     1 |     8 |     1 ||    21
       Potion            |       |       |     5 |     2 |     2 ||     9
 Stab: Paralysed         |       |       |     2 |       |       ||     2
       Petrified         |       |       |       |     2 |       ||     2
       Confused          |       |       |       |       |     4 ||     4
       Fleeing           |       |       |       |       |     1 ||     1
Armor: Scale mail        |    74 |       |       |       |       ||    74
       Chain mail        |       |    99 |   112 |   333 |    75 ||   619
Dodge: Dodged            |    53 |    50 |    60 |   169 |    39 ||   371
Block: Buckler           |    20 |    25 |    39 |    90 |       ||   174
       Tower shield      |       |       |       |    62 |   156 ||   218
       Kite shield       |       |       |       |    44 |       ||    44
       Reflection        |       |       |       |     8 |    16 ||    24

Table legend: (Time is in decaauts)
 A = Elapsed time spent in this place.
 B = Non-inter-level travel time spent in this place.
 C = Inter-level travel time spent in this place.
 D = Time resting spent in this place.
 E = Time spent auto-exploring this place.
 F = Levels seen in this place.
 G = Mean time per level.
                   A        B        C        D        E       F      G
               +--------+--------+--------+--------+--------+-----+--------+
         Total |  14028 |  14028 |      0 |   3111 |      0 |  13 | 1079.1 |
       Dungeon |   8494 |   8494 |      0 |   1615 |      0 |   9 |  943.8 |
          Lair |   2359 |   2359 |      0 |    303 |      0 |   2 | 1179.5 |
     Snake Pit |   3174 |   3174 |      0 |   1192 |      0 |   2 | 1587.0 |
               +--------+--------+--------+--------+--------+-----+--------+

Top non-repeatable levels by time:
 Snake:2: 1699 daAuts
 Snake:1: 1474 daAuts
  Lair:2: 1353 daAuts
     D:4: 1327 daAuts
     D:6: 1054 daAuts
  Lair:1: 1006 daAuts
     D:5: 1004 daAuts
     D:9: 958 daAuts
     D:1: 871 daAuts
     D:8: 859 daAuts
     D:3: 856 daAuts
     D:2: 805 daAuts
     D:7: 756 daAuts
